 Dungeon Crawl Stone Soup version 0.31-a0-840-g6d2ecbb638 (webtiles) character file.

Game seed: 8857757491404279231

1066 Pixllover the Chopper (level 8, -18/49 HPs)
             Began as a Gargoyle Berserker on Sept 27, 2023.
             Was a Priest of Trog.
             Demolished by an ogre
             ... wielding a +0 giant club
              (20 damage)
             ... on level 6 of the Dungeon.
             The game lasted 00:07:53 (4151 turns).

Pixllover the Chopper (Gargoyle Berserker)          Turns: 4151, Time: 00:07:53

Health: -18/49     AC: 16    Str: 23    XL:     8   Next: 28%
Magic:  8/8        EV:  9    Int:  8    God:    Trog [***...]
Gold:   178        SH:  0    Dex:  9    Spells: 7/7 levels left

rFire   + . .        u - +4 war axe "Raxziazusku" {heavy, Fragile rF+ rC+ rN+}
rCold   + . .        (no shield)
rNeg    + + .        x - +0 chain mail
rPois   ∞            y - +0 helmet
rElec   +            (no cloak)
rCorr   .            (no gloves)
SInv    +            (no boots)
Will    +....        n - amulet of the acrobat Stlth
                     i - ring of see invisible
HPRegen 0.28/turn    d - ring of willpower
MPRegen 0.11/turn

%: acrobat
@: no status effects
A: sickness immunity, AC +5, negative energy resistance 1, electricity
resistance, torment resistance 1, petrification resistance
a: Renounce Religion, Berserk, Trog's Hand


You were on level 6 of the Dungeon.
You worshipped Trog.
Trog was most pleased with you.
You visited 1 branch of the dungeon, and saw 6 of its levels.

You collected 178 gold pieces.

Inventory:

Hand Weapons
 u - the +4 war axe "Raxziazusku" (weapon) {heavy, Fragile rF+ rC+ rN+}
   (You found it on level 4 of the Dungeon)

   rF+:       It protects you from fire.
   rC+:       It protects you from cold.
   rN+:       It protects you from negative energy.
   Fragile:   It will be destroyed if unequipped.
Missiles
 v - a throwing net
Armour
 x - a +0 chain mail (worn)
 y - a +0 helmet (worn)
Jewellery
 d - a ring of willpower (right hand)
 i - a ring of see invisible (left hand)
 n - an amulet of the acrobat (around neck)
Wands
 p - a wand of iceblast (14)
 z - a wand of mindburst (9)
 A - a wand of paralysis (10)
Scrolls
 b - a scroll of teleportation {unknown}
 c - a scroll of noise {unknown}
 e - 2 scrolls of immolation
 h - 2 scrolls of enchant armour
 j - 4 scrolls of fog
 k - 2 scrolls of blinking
 m - 2 scrolls of fear {unknown}
 o - 2 scrolls of revelation {unknown}
 s - 2 scrolls of amnesia {unknown}
 B - a scroll of identify
Potions
 a - 2 potions of invisibility
 f - a potion of brilliance {unknown}
 g - 2 potions of heal wounds
 l - 3 potions of haste
 q - 2 potions of resistance {unknown}
 r - a potion of curing {unknown}
 t - a potion of ambrosia {unknown}
 w - 2 potions of enlightenment {unknown}


   Skills:
 + Level 5.3 Fighting
 + Level 6.8 Axes
 + Level 5.1 Armour
 + Level 2.5 Dodging
 + Level 0.6 Stealth


You had 7 spell levels left.
You didn't know any spells.
Your spell library was empty.

Dungeon Overview and Level Annotations

Branches:
Dungeon (6/15)             Temple (0/1) D:5

Altars:


Innate Abilities, Weirdness & Mutations

You are immune to sickness and miasma.
Your stone body is resilient. (AC +5)
You are immune to poison.
You resist negative energy. (rN+)
You are resistant to electric shocks. (rElec)
You are resistant to unholy torment.
You are immune to petrification.


Message History

Found a ring mail.
An ogre comes into view. It is wielding a +0 giant spiked club.
The ogre shouts!
An ogre is nearby!
A scorpion comes into view.
Found a stone staircase leading up.
The ogre barely misses you.
You slash the ogre!
The ogre is severely wounded.
The ogre hits you with a +0 giant spiked club!
You barely miss the ogre.
The ogre is severely wounded.
The ogre barely misses you. The scorpion stings you.
You barely miss the ogre.
The ogre is severely wounded.
You barely miss the scorpion. The scorpion barely misses you.
The ogre hits you with a +0 giant spiked club!
The scorpion stings you.
* * * LOW HITPOINT WARNING * * *
You slice the ogre!!
You kill the ogre!
Trog accepts your kill.
You slash the scorpion!
The scorpion stings you but does no damage.
The scorpion closely misses you.
Found a lumpy purple potion.
The scorpion barely misses you.
Things that are here:
a +0 giant spiked club; an ogre corpse You hit the scorpion.
You kill the scorpion!
Trog accepts your kill.
You see here a scorpion corpse.
An ogre comes into view. It is wielding a +0 giant club.
You slash the ogre!
The ogre is moderately wounded.
The ogre hits you with a +0 giant club!
* * * LOW HITPOINT WARNING * * *
You barely miss the ogre.
The ogre is moderately wounded.
The ogre hits you with a +0 giant club!!
You die...

..............## ...
...............###......
.............)†#.#......
........................
........................
.....................♣.♣
)<.##...........#.......
.÷..............#....♣.♣
.....#......<...@O....#
).............#..!#..♣.♣
<............##..###O...
...##.....#.. ##... ♣
....#.....#.. .....
........# ... ..#...#
..###...###. ..#.... ..#
... ...###.. ... ..


You could see an ogre.

Vanquished Creatures
  A water moccasin (D:6)
  2 ice beasts
  An ogre (D:6)
  A bullfrog (D:6)
  A scorpion (D:6)
  A howler monkey (D:5)
  A jelly (D:5)
  2 hounds (D:5)
  2 sleepcaps (D:6)
  5 iguanas
  Ijyb (D:3)
  An orc wizard (D:5)
  Terence (D:3)
  A gnoll (D:6)
  7 adders
  A shadow imp (D:5)
  A white imp (D:6)
  An ufetubus (D:5)
  4 worms
  2 dart slugs (D:1)
  9 orcs
  6 ball pythons
  3 endoplasms
  3 giant cockroaches
  8 hobgoblins
  2 jackals (D:5)
  2 quokkas (D:1)
  5 bats
  5 frilled lizards
  10 goblins
  8 kobolds
  12 rats
110 creatures vanquished.

Notes
Turn   | Place    | Note
-------+----------+-------------------------------------------
     0 | D:1      | Pixllover the Gargoyle Berserker began the quest for the
                  | Orb.
     0 | D:1      | Reached XP level 1. HP: 14/14 MP: 1/1
    93 | D:1      | Reached XP level 2. HP: 15/19 MP: 2/2
    95 | D:1      | Reached skill level 3 in Axes
   233 | D:1      | Reached XP level 3. HP: 24/24 MP: 3/3
   270 | D:1      | Reached ** piety under Trog
   668 | D:2      | Found a faded altar of an unknown god.
   956 | D:2      | Reached XP level 4. HP: 23/29 MP: 4/4
  1557 | D:3      | Noticed Ijyb
  1565 | D:3      | Killed Ijyb
  1693 | D:3      | Reached skill level 4 in Axes
  2124 | D:3      | Reached XP level 5. HP: 27/33 MP: 5/5
  2219 | D:3      | Noticed Terence
  2238 | D:3      | Killed Terence
  2544 | D:4      | HP: 1/33 [iguana (11)]
  2828 | D:4      | Identified the +4 war axe "Raxziazusku" {heavy, Fragile rF+
                  | rC+ rN+}
  3252 | D:5      | Entered Level 5 of the Dungeon
  3298 | D:5      | Reached XP level 6. HP: 37/38 MP: 6/6
  3347 | D:5      | Reached *** piety under Trog
  3367 | D:5      | Reached skill level 5 in Axes
  3511 | D:5      | Noticed an ice beast
  3519 | D:5      | Killed an ice beast
  3520 | D:5      | Reached XP level 7. HP: 44/44 MP: 7/7
  3540 | D:5      | Found a staircase to the Ecumenical Temple.
  3924 | D:6      | Reached skill level 5 in Fighting
  3924 | D:6      | Reached skill level 6 in Axes
  3929 | D:6      | Reached XP level 8. HP: 11/49 MP: 8/8
  4113 | D:6      | Reached skill level 5 in Armour
  4150 | D:6      | HP: 1/49 [ogre/+0 giant club (17)]
  4151 | D:6      | Demolished by an ogre

Illustrated notes

Levels and vault maps discovered:
D:1:      tarquinn_simple_flora_water_a, layout_rooms
D:2:      layout_basic, basic_ecumenical_altar
D:3:      layout_basic, uniq_ijyb, uniq_terence
D:4:      layout_loops_cross, grunt_ministairs_14
D:5:      layout_basic, minmay_temple_entry_hall, minmay_misc_feat_four_crosses,
          minmay_circle_x
D:6:      layout_cave_pools, minmay_shop_grid_forest

Skill      XL: |  1  2  3  4  5  6  7  8 |
---------------+-------------------------+-----
Axes           | 3 4 5 6 |  6.8
Dodging        | 2 |  2.5
Armour         | 3 4 5 |  5.1
Fighting       | 4 5 |  5.3
Stealth        | |  0.6

Action                     |  1- 3 |  4- 6 |  7- 9 || total
---------------------------+-------+-------+-------++-------
  Melee: Hand axe          |   105 |       |       ||   105
         Punch             |     1 |       |       ||     1
         Battleaxe         |       |   133 |       ||   133
         War axe           |       |    38 |    31 ||    69
 Invoke: Berserk           |       |     1 |       ||     1
         Trog's Hand       |       |     1 |       ||     1
    Use: Scroll            |       |     6 |     1 ||     7
         Potion            |       |     1 |       ||     1
 Armour: Animal skin       |    22 |       |       ||    22
         Ring mail         |    64 |    90 |       ||   154
         Chain mail        |       |    41 |    38 ||    79
  Dodge: Dodged            |    74 |   171 |    37 ||   282

Table legend: (Time is in decaauts)
 A = Elapsed time spent in this place.
 B = Non-inter-level travel time spent in this place.
 C = Inter-level travel time spent in this place.
 D = Time resting spent in this place.
 E = Time spent auto-exploring this place.
 F = Levels seen in this place.
 G = Mean time per level.
                   A        B        C        D        E       F      G
               +--------+--------+--------+--------+--------+-----+--------+
         Total |   4297 |   4154 |    143 |    191 |   2462 |   6 |  716.2 |
       Dungeon |   4297 |   4154 |    143 |    191 |   2462 |   6 |  716.2 |
               +--------+--------+--------+--------+--------+-----+--------+

Top non-repeatable levels by time:
     D:3: 1106 daAuts
     D:2: 877 daAuts
     D:5: 859 daAuts
     D:4: 744 daAuts
     D:1: 613 daAuts
     D:6: 95 daAuts
